 Dungeon Sprint DCSS version 0.17-a0-1197-g2d00c63 (webtiles) character file.

260 Kidiri the Covert (level 5, -1/30 HPs)
             Began as a Spriggan Assassin on June 2, 2015.
             Splashed by a jelly's acid (10 damage)
             ... in the Dungeon (Sprint I: "Red Sonja").
             The game lasted 00:03:45 (398 turns).

Kidiri the Covert (Spriggan Assassin)                Turns: 398, Time: 00:03:45

Health: -1/30      AC: -22   Str:  7    XL:     5   Next: 95%
Magic:  6/6        EV: 25    Int: 12    God:
Gold:   176        SH:  0    Dex: 19    Spells: 0 memorised, 4 levels left

rFire  . . .     SeeInvis +     a - +2 dagger
rCold  . . .     Clarity  .     c - +0 robe
rNeg   . . .     SustAt   .     (shield restricted)
rPois  .         Gourm    .     (helmet restricted)
rElec  .         Spirit   .     d - +0 cloak
rCorr  .         Warding  .     (gloves unavailable)
rMut   .         NoTele   +     (boots unavailable)
MR     .....                    (no amulet)
Stlth  +++++.....               (no ring)
                                (no ring)

@: corroded equipment, very quick, not resistant to hostile enchantments, quite
stealthy
A: unfitting armour, see invisible, herbivore 3, speed 3, slow metabolism 2
a: no special abilities


You were in the Dungeon.
You were not hungry.

You visited 1 branch You collected 176 gold pieces.

Inventory:

Hand weapons
 a - a +2 dagger (weapon)
 b - a +0 blowgun
 o - a +2 club
Missiles
 e - 6 poisoned needles
 f - a curare-tipped needle
Armour
 c - a +0 robe (worn)
 d - a +0 cloak (worn)
Scrolls
 m - a scroll of blinking
Potions
 h - a potion of curing
 j - a potion of haste
 k - 2 potions of magic
 l - a potion of berserk rage
 n - 2 potions of degeneration {unknown}
Comestibles
 g - a bread ration


   Skills:
 * Level 5.0 Fighting
 + Level 4.2 Short Blades
 * Level 6.7 Throwing
 * Level 8.4 Dodging
 * Level 10.6 Stealth


You had 4 spell levels left.
You didn't know any spells.

Dungeon Overview and Level Annotations

Branches:
Dungeon (1/1)

Altars:
Sif Muna
Vehumet


Innate Abilities, Weirdness & Mutations

You are tiny and cannot use many weapons and most armour.
You have supernaturally acute eyesight.
You are a herbivore.
You cover ground extremely quickly.
You need consume almost no food.


Message History

You hit the jelly.
Your hands burn!
The jelly is severely wounded.
The jelly misses you.
You hit the jelly but do no damage.
Your hands burn!
The jelly is severely wounded.
The jelly completely misses you.
You hit the jelly but do no damage.
Your hands burn!
The jelly is severely wounded.
You hit the jelly. The acid corrodes you!
Your hands burn!
The jelly is severely wounded.
The jelly barely misses you.
You hit the jelly but do no damage. The acid corrodes you!
Your hands burn!
The jelly is severely wounded.
The jelly completely misses you.
You hit the jelly. The acid corrodes you!
Your hands burn!
The jelly is almost dead.
The jelly hits you.
* * * LOW HITPOINT WARNING * * *
You are splashed with acid!
The acid burns!
You die...

################
#<.#..J@.#..'..#
#..'..#.))..#..+
#..#####'#####'#
#÷.# #..# #.#
#..# #### #)#
#..# #..+ #⌠⌠#
..._# ####
#_.#+# ##+


You could see a jelly.

Vanquished Creatures
  Sigmund (D)
  An ogre (D)
  Ijyb (D)
3 creatures vanquished.

Notes
Turn   | Place    | Note
--------------------------------------------------------------
     0 | D        | Kidiri the Spriggan Assassin began the quest for the Orb.
     0 | D        | Reached XP level 1. HP: 10/10 MP: 2/2
     2 | D        | Noticed Ijyb
    61 | D        | Killed Ijyb
    61 | D        | Reached skill level 1 in Short Blades
    61 | D        | Reached skill level 7 in Stealth
    61 | D        | Reached XP level 2. HP: 7/16 MP: 3/3
   233 | D        | Noticed an ogre
   237 | D        | Killed an ogre
   237 | D        | Reached skill level 5 in Throwing
   237 | D        | Reached skill level 8 in Stealth
   237 | D        | Reached XP level 3. HP: 19/21 MP: 4/4
   237 | D        | Reached XP level 4. HP: 22/25 MP: 5/5
   281 | D        | Noticed Sigmund
   294 | D        | Killed Sigmund
   294 | D        | Reached skill level 5 in Fighting
   294 | D        | Reached skill level 10 in Stealth
   294 | D        | Reached XP level 5. HP: 27/30 MP: 6/6
   340 | D        | Found a deep blue altar of Sif Muna.
   341 | D        | Noticed a jelly
   342 | D        | Found a radiant altar of Vehumet.
   398 | D        | Splashed by a jelly's acid

Vault maps used:
D:        dungeon_sprint_1

Action                   |  1- 3 |  4- 6 || total
-------------------------+-------+-------++-------
Melee: Dagger            |     1 |    15 ||    16
 Fire: Blowgun           |    12 |     5 ||    17
  Use: Potion            |       |     1 ||     1
 Stab: Sleeping          |     1 |       ||     1
